 Dungeon Crawl Stone Soup version 0.29-a0-553-g81b289dbe5 (webtiles) character file.

Game seed: 13629845538719430842

831 nobbins the Conjurer (level 7, -1/52 HPs)
             Began as a Green Draconian Conjurer on June 6, 2022.
             Was a Believer of Qazlal.
             Slain by a gnoll
             ... wielding a +0 club
             ... led by a gnoll shaman
              (4 damage)
             ... on level 6 of the Dungeon.
             The game lasted 00:28:54 (4200 turns).

nobbins the Conjurer (Green Draconian Conjurer)     Turns: 4200, Time: 00:28:54

Health: -1/52      AC:  9    Str: 14 (15) XL:     7   Next: 65%
Magic:  0/13       EV: 12    Int: 19 (21) God:    Qazlal [**....]
Gold:   121        SH:  3    Dex:  6 (9)  Spells: 7/14 levels left

rFire   . . .      SeeInvis +   f - staff of conjuration
rCold   . . .      Faith    .   (no shield)
rNeg    . . .      Spirit   +   (body armour unavailable)
rPois   +          Reflect  .   (helmet restricted)
rElec   .          Harm     .   (no cloak)
rCorr   .          Rampage  .   n - +2 pair of gloves
Will    .....                   (no boots)
Stlth   +.........              p - amulet of guardian spirit
HPRegen 0.17/turn               k - +6 ring of strength
MPRegen 0.13/turn               l - ring of see invisible

@: mighty, lit by a corona, flying, glowing
A: breathe noxious fumes, AC +6, unfitting armour, poison resistance,
cold-blooded
a: Breathe Noxious Fumes, Renounce Religion, Upheaval


You were on level 6 of the Dungeon.
You worshipped Qazlal.
Qazlal was pleased with you.
You visited 1 branch of the dungeon, and saw 6 of its levels.

You collected 121 gold pieces.

Inventory:

Hand Weapons
 d - a +0 club
 g - a +1 scythe of protection
 y - a +2 flail of chaos
Armour
 n - a +2 pair of gloves (worn)
Magical Staves
 f - a staff of conjuration (weapon)
Jewellery
 c - a +4 ring of slaying
 k - a +6 ring of strength (left hand)
 l - a ring of see invisible (right hand)
 p - an amulet of guardian spirit (around neck)
 A - a +6 ring of intelligence
Wands
 i - a wand of iceblast (5)
 z - a wand of flame (9)
Scrolls
 o - 4 scrolls of identify {unknown}
 q - 2 scrolls of teleportation {unknown}
 r - 2 scrolls of blinking {unknown}
 s - a scroll of noise
 u - a scroll of vulnerability
Potions
 a - a potion of magic
 e - 2 potions of degeneration
 j - a potion of flight
 m - a potion of berserk rage {unknown}
 w - a potion of cancellation {unknown}
 x - a potion of brilliance {unknown}
Miscellaneous
 t - a tin of tremorstones (2/2)


   Skills:
 + Level 1.4 Fighting
 + Level 2.1 Maces & Flails
 + Level 3.1 Dodging
 + Level 2.9 Stealth
 + Level 0.2 Shields
 + Level 4.2 Spellcasting
 + Level 6.6 Conjurations
 + Level 2.0 Ice Magic


You had 7 spell levels left.
You knew the following spells:

 Your Spells              Type           Power      Damage    Failure   Level
a - Magic Dart            Conj           100%       1d8       1%          1
b - Searing Ray           Conj           86%        2d7       1%          2
c - Freeze                Ice            44%        1d6       6%          1
d - Dazzling Flash        Conj/Hex       48%        N/A       11%         3

Your spell library contained the following spells:

 Spells                   Type           Power      Damage    Failure   Level
 Frozen Ramparts          Ice            22%        1d4       17%         3
 Sublimation of Blood     Necr           4%         N/A       21%         2
 Hailstorm                Conj/Ice       30%        3d8       22%         4
 Fulminant Prism          Conj/Hex       12%        3d9       34%         4
 Iskenderun's Mystic Bla  Conj/Tloc      24%        2d7       34%         4
 Irradiate                Conj/Tmut      12%        3d17      67%         5
 Petrify                  Tmut/Erth      4%         N/A       80%         4


Dungeon Overview and Level Annotations

Branches:
Dungeon (6/15)             Temple (0/1) D:5

Altars:
Dithmenos
Qazlal

Annotations:
D:2 1 runed translucent door, Crazy Yiuf
D:3 Grinder


Innate Abilities, Weirdness & Mutations

You can breathe blasts of noxious fumes.
Your lurid green scales are hard. (AC +6)
You cannot fit into any form of body armour.
Your system is resistant to poisons. (rPois)
You are cold-blooded and may be slowed by cold attacks.


Message History

The scorpion stings you.
The orc wizard hits you but does no damage.
The gnoll closely misses you. The gnoll shaman barely misses you.
The gnoll hits you with a +0 flail!
* * * LOW HITPOINT WARNING * * *
The gnoll attacks as you move away! The gnoll hits you with a +0 flail.
* * * LOW HITPOINT WARNING * * *
The gnoll shaman attacks as you move away!
The gnoll shaman hits you but does no damage.
The scorpion attacks as you move away! The scorpion closely misses you.
The orc wizard points at you and mumbles some strange words.
You resist with some effort. The gnoll barely misses you.
The gnoll shaman calls upon its god to heal the gnoll.
The gnoll's wounds heal themselves!
It was a potion of degeneration.
There was something very wrong with that liquid.
You feel weakened.
You feel dopey.
You feel clumsy. The scorpion barely misses you.
The gnoll hits you with a +0 spear.
* * * LOW HITPOINT WARNING * * *
The gnoll hits you but does no damage. The scorpion stings you.
It was a potion of flight.
You feel very buoyant.
You fly up into the air.
You feel less confused. You block the gnoll's attack.
The gnoll hits you but does no damage. The scorpion barely misses you.
It was a potion of might.
You feel very mighty all of a sudden.
The scorpion stings you but does no damage.
The gnoll hits you with a +0 club.
* * * LOW HITPOINT WARNING * * *
The gnoll closely misses you.
The gnoll shaman hits you but does no damage.
As you read the scroll labelled ELAD NOINE, it crumbles to dust.
It is a scroll of brand weapon.
Your +2 flail of holy wrath erupts in a glittering mayhem of colour.
y - a +2 flail of chaos The scorpion stings you but does no damage.
The gnoll hits you with a +0 club.
You die...

......#.......[..#.#...#
..............####.#...#
.............####..#...#
o.........<..........###
...................###
...................#
........#..........#
.......#....?..g...#
.......#.####)og@..#
.......#.# #..gsg.#
..#..#...# #.....)#
.....#..## #......# ...
... ###..#####
.######.##...##
......#.#.....##
#..........#
###........#


You could see a gnoll shaman, a scorpion, an orc wizard (invisible) and 3
gnolls.

Vanquished Creatures
  Sigmund (D:2)
  2 ice beasts (D:5)
  A jelly (D:6)
  2 hounds (D:5)
  A gnoll shaman (D:5)
  Jessica (D:2)
  5 orc wizards
  8 gnolls
  7 adders
  A white imp (D:6)
  A worm (D:4)
  3 dart slugs
  12 orcs
  7 endoplasms
  2 giant cockroaches (D:4)
  5 hobgoblins
  4 jackals (D:2)
  A kobold (D:2)
  2 quokkas
  A ball python (D:4)
  2 bats (D:3)
  3 frilled lizards
  3 goblins
  A rat (D:1)
76 creatures vanquished.

Vanquished Creatures (others)
  An orc wizard (D:6)
  2 fungi (D:2)
3 creatures vanquished.

Grand Total: 79 creatures vanquished

Notes
Turn   | Place    | Note
-------+----------+-------------------------------------------
     0 | D:1      | nobbins the Draconian Conjurer began the quest for the Orb.
     0 | D:1      | Reached XP level 1. HP: 14/14 MP: 3/3
   340 | D:1      | You fall into a shaft and drop 1 floor!
   417 | D:2      | Reached XP level 2. HP: 19/20 MP: 0/5
   474 | D:2      | Reached XP level 3. HP: 25/26 MP: 0/6
  1020 | D:2      | Noticed Jessica
  1025 | D:2      | Killed Jessica
  1026 | D:2      | Reached skill level 5 in Conjurations
  1028 | D:2      | Reached XP level 4. HP: 33/33 MP: 0/7
  1030 | D:2      | Found a faded altar of an unknown god.
  1053 | D:2      | Prayed at the altar of an unknown god.
  1053 | D:2      | Became a worshipper of Qazlal Stormbringer
  1053 | D:2      | Reached * piety under Qazlal
  1065 | D:2      | Identified a scroll of acquirement
  1065 | D:2      | Acquired a staff of conjuration
  1081 | D:2      | Learned a level 2 spell: Searing Ray
  1153 | D:2      | Noticed Sigmund
  1182 | D:2      | Killed Sigmund
  1183 | D:2      | Reached skill level 1 in Maces & Flails
  1183 | D:2      | Reached XP level 5. HP: 29/39 MP: 1/9
  1385 | D:2      | Found a runed translucent door.
  1386 | D:2      | Noticed Crazy Yiuf
  1502 | D:3      | Reached skill level 6 in Conjurations
  1703 | D:3      | Noticed Grinder
  1783 | D:4      | Reached XP level 6. HP: 28/46 MP: 5/10
  2067 | D:4      | Reached ** piety under Qazlal
  2461 | D:4      | Learned a level 1 spell: Freeze
  2462 | D:5      | Entered Level 5 of the Dungeon
  2468 | D:5      | Reached skill level 1 in Fighting
  2537 | D:5      | Noticed an ice beast
  2574 | D:5      | Killed an ice beast
  2755 | D:5      | Noticed an ice beast
  2765 | D:5      | Killed an ice beast
  2766 | D:5      | Your scales start taking on a lurid green colour.
  2766 | D:5      | Reached XP level 7. HP: 42/52 MP: 4/12
  2766 | D:5      | Gained mutation: Your system is resistant to poisons.
                  | (rPois) [Green Draconian growth]
  2919 | D:5      | Reached skill level 1 in Ice Magic
  3070 | D:5      | Found a staircase to the Ecumenical Temple.
  3317 | D:5      | Found a shadowy altar of Dithmenos.
  3746 | D:6      | Learned a level 3 spell: Dazzling Flash
  3888 | D:6      | Noticed a steam dragon
  4200 | D:6      | Slain by a gnoll

Illustrated notes

Levels and vault maps discovered:
D:1:      co_arrival_square_in_a_square_in_a_square, layout_loops_ring,
          serial_glass, glass_columns_c, glass_columns_a
D:2:      layout_rooms, ebering_ecumenical_altar_abandoned, uniq_sigmund,
          uniq_jessica, uniq_crazy_yiuf_cottage
D:3:      layout_rooms, uniq_grinder, uniq_robin
D:4:      layout_rooms, minmay_checkerbox
D:5:      layout_loops_corners, nicolae_dithmenos_through_a_glass_darkly,
          temple_pool_b
D:6:      layout_rooms

Skill      XL: |  1  2  3  4  5  6  7 |
---------------+----------------------+-----
Conjurations   | 5 6 |  6.6
Maces & Flails | 1 2 |  2.1
Dodging        | 2 3 |  3.1
Stealth        | 2 |  2.9
Spellcasting   | 3 4 |  4.2
Fighting       | 1 |  1.4
Ice Magic      | 2 |  2.0
Shields        | |  0.2

Action                   |  1- 3 |  4- 6 |  7- 9 || total
-------------------------+-------+-------+-------++-------
Melee: Club              |    30 |       |       ||    30
       Tailslap          |     3 |     5 |     3 ||    11
       Staff             |       |    23 |    19 ||    42
 Cast: Magic Dart        |    30 |    37 |    18 ||    85
       Searing Ray       |       |    15 |     6 ||    21
       Freeze            |       |     1 |    16 ||    17
       Dazzling Flash    |       |       |     2 ||     2
 Abil: Breathe Noxious F |       |       |     2 ||     2
  Use: Scroll            |       |     4 |     5 ||     9
       Potion            |       |       |     4 ||     4
Armor: Skin              |     5 |    26 |    24 ||    55
Dodge: Dodged            |    24 |    33 |    39 ||    96
Block: Other             |       |     6 |     9 ||    15

Table legend: (Time is in decaauts)
 A = Elapsed time spent in this place.
 B = Non-inter-level travel time spent in this place.
 C = Inter-level travel time spent in this place.
 D = Time resting spent in this place.
 E = Time spent auto-exploring this place.
 F = Levels seen in this place.
 G = Mean time per level.
                   A        B        C        D        E       F      G
               +--------+--------+--------+--------+--------+-----+--------+
         Total |   4215 |   4068 |    147 |    884 |   2001 |   6 |  702.5 |
       Dungeon |   4215 |   4068 |    147 |    884 |   2001 |   6 |  702.5 |
               +--------+--------+--------+--------+--------+-----+--------+

Top non-repeatable levels by time:
     D:5: 1505 daAuts
     D:2: 1151 daAuts
     D:4: 716 daAuts
     D:1: 341 daAuts
     D:3: 262 daAuts
     D:6: 238 daAuts
